Map: Apotheosis LE

Players

lllIIIllI

  • Race: Protoss Protoss
  • League: Master

NORTHAMERICA - Winner!

  • Race: Protoss Protoss
  • League: Master

VOD

Have the link to the VOD?

Description

Time

  • Played on: Aug. 2, 2016, 1:22 a.m.
  • Length: 8:20
Show
View Real Time Build Order
Export as new Build Order

lllIIIllI Protoss 

Build Orders:  

Get SALT Encoding   

  12  0:01  Probe (Chrono Boost)  
  13  0:11  Probe (Chrono Boost)  
  14  0:18  Pylon  
  14  0:22  Probe (Chrono Boost)  
  15  0:37  Probe (Chrono Boost)  
  15  0:39  Gateway  
  16  0:47  Probe (Chrono Boost)  
  16  0:48  Assimilator  
  17  0:58  Probe (Chrono Boost)  
  17  0:59  Assimilator  
  18  1:07  Gateway  
  18  1:08  Probe (Chrono Boost)  
  19  1:19  Probe (Chrono Boost)  
  20  1:29  Probe (Chrono Boost)  
  20  1:32  Pylon  
  21  1:39  Cybernetics Core  
  21  1:40  Probe (Chrono Boost)  
  22  1:50  Probe (Chrono Boost)  
  24  2:01  Probe (Chrono Boost)  
  24  2:05  Warp Gate  
  24  2:11  Probe (Chrono Boost)  
  25  2:17  Adept x2  
  25  2:22  Probe (Chrono Boost)  
  30  2:25  Pylon x2  
  30  2:34  Probe (Chrono Boost)  
  30  2:45  Nexus  
  30  2:51  Pylon  
  31  2:58  Probe (Chrono Boost)  
  31  2:59  Sentry x2  
  35  3:08  Robotics Facility  
  36  3:13  Probe (Chrono Boost)  
  35  3:49  Probe (Chrono Boost)  
  35  3:51  Immortal  
  37  3:57  Probe (Chrono Boost)  
  37  4:00  Probe (Chrono Boost)  
  39  4:08  Mothership Core (Chrono Boost)  
  41  4:10  Stalker x2  
  41  4:14  Probe (Chrono Boost)  
  41  4:15  Pylon  
  46  4:21  Gateway  
  46  4:23  Gateway  
  46  4:27  Probe x2 (Chrono Boost)  
  46  4:28  Twilight Council  
  48  4:39  Gateway  
  48  4:47  Stalker x2  
  48  4:49  Immortal  
  48  4:51  Resonating Glaives  
  52  4:59  Probe (Chrono Boost)  
  58  5:00  Probe (Chrono Boost)  
  58  5:11  Probe (Chrono Boost)  
  58  5:12  Probe (Chrono Boost)  
  60  5:18  Pylon, Adept x2  
  60  5:20  Assimilator  
  64  5:29  Adept x2  
  64  5:35  Probe x2 (Chrono Boost)  
  70  5:47  Probe x2 (Chrono Boost)  
  72  5:51  Pylon x2, Adept x2  
  72  5:55  Pylon, Adept  
  78  6:04  Warp Prism  
  78  6:09  Adept x2  
  84  6:13  Adept  
  84  6:15  Adept  
  84  6:18  Adept  
  90  6:29  Adept  
  90  6:30  Adept  
  94  6:34  Adept  
  96  6:49  Adept x2  
  96  6:51  Pylon  
  100  6:59  Adept  
  102  7:06  Pylon  
  102  7:09  Observer  
  102  7:12  Pylon  
  102  7:14  Gateway  
  103  7:18  Gateway  
  103  7:20  Forge  
  103  7:23  Adept x2  
  103  7:27  Adept x2  
  103  7:28  Adept  
  112  7:51  Adept x3  
  112  7:52  Adept x2  
  74  8:06  Nexus  
  74  8:10  Adept x2  
Show
View Real Time Build Order
Export as new Build Order

NORTHAMERICA Protoss - Winner!

Build Orders:  

Get SALT Encoding   

  12  0:01  Probe (Chrono Boost)  
  13  0:11  Probe (Chrono Boost)  
  14  0:20  Pylon  
  14  0:22  Probe (Chrono Boost)  
  15  0:38  Probe (Chrono Boost), Gateway  
  16  0:49  Probe (Chrono Boost)  
  17  0:51  Assimilator  
  17  0:55  Assimilator  
  17  0:59  Probe (Chrono Boost)  
  18  1:10  Probe (Chrono Boost)  
  19  1:11  Gateway  
  19  1:20  Probe (Chrono Boost)  
  20  1:27  Cybernetics Core  
  20  1:31  Probe (Chrono Boost)  
  21  1:38  Pylon  
  21  1:42  Probe (Chrono Boost)  
  22  1:52  Probe (Chrono Boost)  
  23  1:58  Warp Gate  
  23  2:04  Stalker x2  
  27  2:15  Mothership Core (Chrono Boost)  
  29  2:27  Pylon  
  29  2:41  Stalker  
  31  2:45  Stalker  
  31  2:50  Probe (Chrono Boost)  
  34  3:11  Nexus  
  34  3:16  Sentry x2  
  38  3:49  Probe (Chrono Boost)  
  38  3:50  Robotics Facility  
  38  3:59  Probe (Chrono Boost)  
  38  4:02  Pylon  
  39  4:11  Twilight Council  
  39  4:13  Pylon  
  39  4:20  Probe (Chrono Boost)  
  40  4:25  Pylon, Probe (Chrono Boost)  
  40  4:31  Probe (Chrono Boost)  
  42  4:35  Probe (Chrono Boost), Observer  
  44  4:43  Probe (Chrono Boost)  
  45  4:46  Probe (Chrono Boost)  
  46  4:55  Probe (Chrono Boost)  
  46  4:56  Probe (Chrono Boost)  
  48  5:00  Immortal, Gateway  
  48  5:01  Gateway  
  53  5:07  Probe x2 (Chrono Boost)  
  54  5:20  Probe (Chrono Boost)  
  56  5:21  Probe (Chrono Boost)  
  56  5:24  Assimilator  
  56  5:25  Blink  
  56  5:26  Assimilator  
  56  5:32  Probe x2 (Chrono Boost)  
  58  5:38  Robotics Bay  
  58  5:42  Probe (Chrono Boost)  
  60  5:44  Probe (Chrono Boost)  
  60  5:51  Immortal  
  60  5:53  Probe (Chrono Boost)  
  60  5:56  Probe (Chrono Boost)  
  66  6:03  Probe (Chrono Boost)  
  67  6:08  Probe (Chrono Boost)  
  67  6:09  Pylon  
  68  6:13  Forge  
  68  6:14  Pylon, Probe (Chrono Boost)  
  69  6:20  Probe (Chrono Boost)  
  69  6:23  Pylon  
  69  6:25  Disruptor  
  71  6:26  Probe (Chrono Boost)  
  71  6:32  Probe (Chrono Boost)  
  75  6:36  Gateway  
  75  6:38  Gateway  
  75  6:47  Photon Cannon  
  75  6:48  Stalker  
  77  6:54  Pylon  
  77  6:56  Disruptor  
  77  6:57  Photon Cannon  
  77  7:04  Zealot  
  82  7:14  Probe (Chrono Boost)  
  83  7:20  Probe (Chrono Boost)  
  84  7:22  Stalker  
  84  7:23  Stalker x2  
  84  7:27  Disruptor  
  93  7:37  Stalker x2  
  93  7:38  Stalker  
  97  7:51  Stalker x2  
  96  8:13  Stalker x2  
Tags
 
Add a new tag
Caveats
  • Supply blocks, unpowered buildings, or Contaminate may cause inaccurate times.
  • Supply counts are checked every 10 seconds.